 Dungeon Crawl Stone Soup version 0.30-a0-377-g5cb311bc9f (webtiles) character file.

Game seed: 9417578055375091404

926 qeuew the Shield-Bearer (level 8, -2/62 HPs)
             Began as a Formicid Fighter on Nov 28, 2022.
             Was a Follower of Nemelex Xobeh.
             Succumbed to a scorpion's poison
             ... on level 5 of the Dungeon.
             The game lasted 00:04:48 (4310 turns).

qeuew the Shield-Bearer (Formicid Fighter)          Turns: 4310, Time: 00:04:48

Health: -2/62      AC:  7    Str: 20    XL:     8   Next: 32%
Magic:  11/11      EV: 10    Int:  9    God:    Nemelex Xobeh [*.....]
Gold:   187        SH:  6    Dex: 15    Spells: 7/7 levels left

rFire   . . .      SeeInvis +    a - +0 broad axe (elec)
rCold   . . .      Faith    .    c - +0 buckler
rNeg    . . .      Spirit   .    b - +0 scale mail
rPois   .          Reflect  .    (helmet unavailable)
rElec   .          Harm     .    (no cloak)
rCorr   .          Rampage  .    (no gloves)
Will    .....                    (no boots)
Stlth   ..........               (no amulet)
HPRegen 0.30/turn                (no ring)
MPRegen 0.12/turn                (no ring)

@: lethally poisoned (-2 -> -22)
A: permanent stasis, dig shafts and tunnels, antennae 3, four strong arms
a: Dig, Shaft Self, Renounce Religion, Draw Escape, Draw Destruction, Draw
Summoning


You were on level 5 of the Dungeon.
You worshipped Nemelex Xobeh.
Nemelex Xobeh was aware of your devotion.
You visited 1 branch of the dungeon, and saw 5 of its levels.

You collected 187 gold pieces.

Inventory:

Hand Weapons
 a - a +0 broad axe of electrocution (weapon)
 g - a +0 battleaxe
Missiles
 j - 2 throwing nets
Armour
 b - a +0 scale mail (worn)
 c - a +0 buckler (worn)
Wands
 l - a wand of iceblast (12)
Potions
 f - a potion of resistance
 i - a potion of brilliance


   Skills:
 + Level 5.0 Fighting
 + Level 3.8 Axes
 + Level 5.0 Armour
 + Level 2.9 Dodging
 + Level 6.0 Shields
 * Level 4.5 Invocations
 + Level 2.1 Evocations


You had 7 spell levels left.
You didn't know any spells.
Your spell library contained the following spells:

 Spells                   Type           Power      Damage    Failure   Level
 Static Discharge         Conj/Air       0%         2-2/arc   89%         2
 Inner Flame              Hex/Fire       0%         N/A       98%         3
 Vhi's Electric Charge    Tloc/Air       0%         N/A       98%         3
 Cause Fear               Hex            0%         N/A       100%        4
 Arcjolt                  Conj/Air       0%         1d10      100%        5
 Lightning Bolt           Conj/Air       0%         1d11      100%        5
 Discord                  Hex            0%         N/A       100%        8


Dungeon Overview and Level Annotations

Branches:
Dungeon (5/15)
 Temple: D:4-7

Altars:
Elyvilon
Nemelex Xobeh
Okawaru
The Shining One

Shops:
D:5 *


Innate Abilities, Weirdness & Mutations

You cannot be hasted, slowed, berserked, paralysed or teleported.
You can dig through walls and to a lower floor.
You have a pair of large antennae on your head. (SInv)
Your four strong arms can wield two-handed weapons with a shield.


Message History

* * * LOW HITPOINT WARNING * * *
The scorpion stings you but does no damage.
You closely miss the scorpion.
The scorpion is lightly wounded.
You slash the centaur! You miss the hound.
You feel sick. The hound closely misses you.
The centaur hits you but does no damage.
The centaur kicks you but does no damage.
The scorpion stings you.
* * * LOW HITPOINT WARNING * * *
You are lethally poisoned!
The scorpion poisons you! The hound bites you but does no damage.
The centaur hits you but does no damage.
The centaur kicks you but does no damage.
You closely miss the scorpion.
The scorpion is lightly wounded.
You closely miss the hound. You hit the centaur but do no damage.
You feel less invigorated.
You feel less confused.
* * * LOW HITPOINT WARNING * * *
You feel very sick. You block the hound's attack.
The scorpion barely misses you. The centaur hits you.
* * * LOW HITPOINT WARNING * * *
The centaur kicks you but does no damage.
The hound bites you.
* * * LOW HITPOINT WARNING * * *
The centaur closely misses you.
The centaur kicks you but does no damage.
The scorpion stings you.
* * * LOW HITPOINT WARNING * * *
You are more poisoned.
The scorpion poisons you!
You hit the scorpion.
The scorpion is moderately wounded.
You barely miss the hound. You slash the centaur!
Lightning courses through the centaur!
You kill the centaur!
You die...
Your body disappears without a glow.

..... #####..## # #....
#........ #. #...#
#..#.#... ###.##...#
#.#...#.# .........#
#...∩...# .........#
#.#...#.# ......<.†#
###..#.#..# ......)h)#
##.#..)....#
......s@.####<#.####..##
.............###.....##
.........####.#.######
.##.!..... ##.## ##>##
#!.....## ### #...#
#.....## #.⌠.# ####..#
#..)# #... ##.)## #..
######).


You could see a scorpion and a hound.

Vanquished Creatures
  2 centaurs (D:5)
  A gnoll sergeant (D:5)
  2 bullfrogs (D:5)
  4 hounds
  A gnoll bouda (D:5)
  A jelly (D:4)
  An orc priest (D:4)
  3 iguanas
  Natasha (twice) (D:3)
  Terence (D:3)
  14 gnolls
  5 adders
  An ufetubus (D:5)
  A worm (D:4)
  2 dart slugs
  6 orcs
  4 bats
  6 endoplasms
  4 giant cockroaches
  18 goblins
  9 hobgoblins
  6 jackals
  7 kobolds
  2 quokkas
  3 ball pythons
  A frilled lizard (D:2)
  2 rats (D:1)
109 creatures vanquished.

Vanquished Creatures (others)
  12 plants (D:2)
12 creatures vanquished.

Grand Total: 121 creatures vanquished

Notes
Turn   | Place    | Note
-------+----------+-------------------------------------------
     0 | D:1      | qeuew the Formicid Fighter began the quest for the Orb.
     0 | D:1      | Reached XP level 1. HP: 18/18 MP: 1/1
   212 | D:1      | Reached XP level 2. HP: 24/24 MP: 2/2
   364 | D:1      | Reached XP level 3. HP: 29/29 MP: 3/3
   579 | D:1      | Reached skill level 1 in Dodging
  1118 | D:1      | Identified a scroll of acquirement
  1118 | D:1      | Acquired a +0 broad axe of electrocution
  1207 | D:2      | Reached XP level 4. HP: 29/37 MP: 4/4
  1422 | D:2      | Reached XP level 5. HP: 27/42 MP: 5/5
  1777 | D:2      | Found a faded altar of an unknown god.
  1830 | D:2      | Prayed at the altar of an unknown god.
  1830 | D:2      | Became a worshipper of Elyvilon the Healer
  1830 | D:2      | Reached * piety under Elyvilon
  2313 | D:3      | Noticed Natasha
  2320 | D:3      | Killed Natasha
  2321 | D:3      | Reached skill level 1 in Invocations
  2350 | D:3      | Reached skill level 5 in Shields
  2419 | D:3      | Reached ** piety under Elyvilon
  2460 | D:3      | Noticed Terence
  2466 | D:3      | Killed Terence
  2467 | D:3      | Reached XP level 6. HP: 42/48 MP: 7/7
  2694 | D:3      | Noticed Natasha
  2703 | D:3      | Killed Natasha
  2814 | D:3      | Found a sparkling altar of Nemelex Xobeh.
  2897 | D:3      | Fell from the grace of Elyvilon
  2897 | D:3      | Became a worshipper of Nemelex Xobeh the Trickster
  2900 | D:3      | You fall into a shaft and drop 1 floor!
  2900 | D:4      | Found an iron altar of Okawaru.
  3395 | D:4      | Reached * piety under Nemelex Xobeh
  3432 | D:4      | Found a glowing golden altar of the Shining One.
  3437 | D:4      | Reached XP level 7. HP: 38/55 MP: 8/8
  3665 | D:5      | Entered Level 5 of the Dungeon
  3670 | D:5      | Reached skill level 1 in Evocations
  3685 | D:5      | Received a gift from Nemelex Xobeh
  3903 | D:5      | Reached XP level 8. HP: 11/61 MP: 9/11
  4140 | D:5      | Reached skill level 6 in Shields
  4179 | D:5      | Found Ycuphe Zoupi's Overcharged Wands.
  4297 | D:5      | Reached skill level 5 in Fighting
  4297 | D:5      | Reached skill level 5 in Armour
  4309 | D:5      | HP: 3/62 [scorpion (2)]
  4310 | D:5      | Succumbed to a scorpion's poison

Illustrated notes

Levels and vault maps discovered:
D:1:      shiori_arrival_oz, layout_basic
D:2:      layout_loops_ring, dilly_ecumenical_altar_fadedgnrine,
          minmay_misc_feat_four_crosses
D:3:      layout_loops_ring, nemelex_spade_bored_becter, uniq_natasha,
          uniq_terence
D:4:      layout_gridville, mainiacjoe_overflow_catwalk,
          mainiacjoe_overflow_chevrons, chequers_garden
D:5:      layout_loops_ring, mainiacjoe_overflow_swirl, grunt_ministairs_4,
          nicolae_shop_overcharged_wands

Skill      XL: |  1  2  3  4  5  6  7  8 |
---------------+-------------------------+-----
Dodging        | 1 2 |  2.9
Armour         | 4 5 |  5.0
Fighting       | 4 5 |  5.0
Invocations    | 1 2 4 |  4.5
Shields        | 5 6 |  6.0
Axes           | 3 |  3.8
Evocations     | 1 2 |  2.1

Action                   |  1- 3 |  4- 6 |  7- 9 || total
-------------------------+-------+-------+-------++-------
Melee: War axe           |    11 |       |       ||    11
       Battleaxe         |    55 |       |       ||    55
       Broad axe         |     9 |   165 |    81 ||   255
 Abil: Dig               |       |     5 |       ||     5
  Use: Scroll            |     4 |     4 |     1 ||     9
       Potion            |     3 |     2 |     3 ||     8
Armor: Scale mail        |    32 |    52 |    67 ||   151
Dodge: Dodged            |    31 |    85 |    89 ||   205
Block: Buckler           |    23 |    50 |    48 ||   121

Table legend: (Time is in decaauts)
 A = Elapsed time spent in this place.
 B = Non-inter-level travel time spent in this place.
 C = Inter-level travel time spent in this place.
 D = Time resting spent in this place.
 E = Time spent auto-exploring this place.
 F = Levels seen in this place.
 G = Mean time per level.
                   A        B        C        D        E       F      G
               +--------+--------+--------+--------+--------+-----+--------+
         Total |   4468 |   4347 |    121 |     31 |   3472 |   5 |  893.6 |
       Dungeon |   4468 |   4347 |    121 |     31 |   3472 |   5 |  893.6 |
               +--------+--------+--------+--------+--------+-----+--------+

Top non-repeatable levels by time:
     D:1: 1200 daAuts
     D:2: 1077 daAuts
     D:4: 789 daAuts
     D:3: 724 daAuts
     D:5: 676 daAuts
